 Dungeon Crawl Stone Soup version 0.28.0-1-gb440e238dd (webtiles) character file.

Game seed: 7993819887213808676

53 fknight the Chopper (level 3, -4/33 HPs)
             Began as a Hill Orc Monk on Feb 27, 2022.
             Slain by Sigmund (6 damage)
             ... on level 3 of the Dungeon.
             The game lasted 00:08:26 (2556 turns).

fknight the Chopper (Hill Orc Monk)                 Turns: 2556, Time: 00:08:26

Health: -4/33      AC: 10    Str: 15    XL:     3   Next: 87%
Magic:  3/3        EV:  7    Int: 10    God:
Gold:   86         SH:  0    Dex: 13    Spells: 2/2 levels left

rFire   . . .      SeeInvis .   a - +0 hand axe
rCold   . . .      Faith    .   (no shield)
rNeg    . . .      Spirit   .   l - +0 chain mail
rPois   .          Reflect  .   (no helmet)
rElec   .          Harm     .   m - +1 cloak
rCorr   .          Rampage  .   (no gloves)
Will    .....                   (no boots)
Stlth   ..........              (no amulet)
HPRegen 0.11/turn               (no ring)
MPRegen 0.08/turn               (no ring)

@: confused
A: no striking features
a: no special abilities


You were on level 3 of the Dungeon.
You visited 1 branch of the dungeon, and saw 3 of its levels.

You collected 100 gold pieces.
You spent 14 gold pieces at shops.

Inventory:

Hand Weapons
 a - a +0 hand axe (weapon)
 g - a +0 arbalest
 k - a +0 hunting sling
 p - a +0 mace of protection
Missiles
 d - 5 javelins
 f - 55 stones (quivered)
 h - a throwing net
Armour
 l - a +0 chain mail (worn)
 m - a +1 cloak (worn)
Scrolls
 e - a scroll of immolation
Potions
 b - a potion of invisibility {unknown}
 c - a potion of flight
 j - a potion of might {unknown}
 n - a potion of curing {unknown}
 o - a potion of attraction {unknown}
 q - a potion of mutation {unknown}


   Skills:
 + Level 4.2 Fighting
 + Level 4.6 Axes
 + Level 2.8 Dodging
 + Level 2.2 Stealth


You had 2 spell levels left.
You didn't know any spells.
Your spell library was empty.

Dungeon Overview and Level Annotations

Branches:
Dungeon (3/15)

Altars:

Shops:
D:1 ?   D:2 (

Annotations:
D:2 1 runed translucent door, Crazy Yiuf
D:3 Sigmund


Message History

Sigmund hits you but does no damage.
You're too confused to move!
You are too confused!
You bump into the rock wall.
You feel less confused.
Sigmund hits you from afar with a +1 scythe of protection!
Sigmund barely misses you.
You see here a +0 chain mail.
You barely miss Sigmund.
Sigmund is moderately wounded.
You hit Sigmund but do no damage.
Sigmund is moderately wounded.
Sigmund casts a spell at you. The puff of flame hits you.
You hit Sigmund.
Sigmund is moderately wounded.
Sigmund barely misses you.
You closely miss Sigmund.
Sigmund is moderately wounded.
Sigmund breathes a few words.
Sigmund's hands start flickering wildly.
Sigmund hits you but does no damage.
You hit Sigmund.
Sigmund is moderately wounded.
Sigmund gestures at you while chanting. The magic dart hits you!
* * * LOW HITPOINT WARNING * * *
You hit Sigmund but do no damage.
Sigmund is moderately wounded.
Sigmund hits you but does no damage.
You barely miss Sigmund.
Sigmund is moderately wounded.
You hit Sigmund but do no damage.
Sigmund is moderately wounded.
Sigmund gestures at you while chanting.
You are confused.
You completely miss Sigmund. You punch Sigmund, but do no damage.
Sigmund is moderately wounded.
Sigmund hits you with a +1 scythe of protection.
You die...

#......# ......#
#....# #....#
#..).######
#########.#........
#.........#..######
#.........#......#
#.........##.)##@#
#.........#....#@#
#.........#.....b.
#.........####.#.##
#.........# #.#...
#.........# #..####
#........## ..#
#.######## ...
#.######


You could see Sigmund and a bat.

Vanquished Creatures
  An adder (D:3)
  A worm (D:2)
  2 orcs
  3 ball pythons
  3 bats (D:1)
  4 endoplasms
  3 giant cockroaches (D:1)
  A hobgoblin (D:1)
  3 quokkas (D:2)
  5 frilled lizards
  3 goblins
  4 kobolds
  6 rats
39 creatures vanquished.

Notes
Turn   | Place    | Note
-------+----------+-------------------------------------------
     0 | D:1      | fknight the Hill Orc Monk began the quest for the Orb.
     0 | D:1      | Reached XP level 1. HP: 19/19 MP: 1/1
    96 | D:1      | Found a faded altar of an unknown god.
   521 | D:1      | Reached XP level 2. HP: 18/27 MP: 2/2
  1176 | D:1      | Found Puiliwe's Magic Scroll Emporium.
  1191 | D:1      | Bought a scroll of noise for 14 gold pieces
  1336 | D:2      | Reached XP level 3. HP: 31/33 MP: 3/3
  1379 | D:2      | Found Ageyzage's Weapon Emporium.
  1666 | D:2      | Found a runed translucent door.
  1667 | D:2      | Noticed Crazy Yiuf
  2527 | D:3      | Noticed Sigmund
  2552 | D:3      | HP: 1/33 [Sigmund/magic dart (9)]
  2556 | D:3      | Slain by Sigmund

Illustrated notes

Levels and vault maps discovered:
D:1:      enne_arrival_octagon_isle, layout_loops_ring, serial_shops,
          nicolae_lakefront_shop, dreamdust_ecumenical_altar_sealed_demon,
          minmay_pentomino_w4
D:2:      layout_basic, serial_shops, nicolae_shop_bloodbath_and_beyond,
          uniq_crazy_yiuf_cottage
D:3:      layout_basic, uniq_ijyb, uniq_terence, uniq_sigmund, uniq_natasha

Skill      XL: |  1  2 |
---------------+-------+-----
Fighting       | 4 |  4.2
Stealth        | 2 |  2.2
Axes           | |  4.6
Dodging        | |  2.8

Action                   || total
-------------------------++-------
Melee: Hand axe          ||   152
       Punch             ||     5
 Fire: Hunting sling     ||    13
Throw: Stone             ||    12
  Use: Scroll            ||     5
 Stab: Sleeping          ||     1
Armor: Robe              ||    11
       Chain mail        ||    46
       Leather armour    ||     1
Dodge: Dodged            ||    69
